 Dungeon Crawl Stone Soup version 0.32-a0-732-ga344392067 (webtiles) character file.

Game seed: 4910875476159642720

3796 olmar the Basher (level 10, -6/77 HPs)
             Began as a Coglin Gladiator on Mar 13, 2024.
             Was an Initiate of Gozag.
             Mangled by a manticore (10 damage)
             ... on level 13 of the Dungeon on Mar 17, 2024.
             The game lasted 00:14:01 (6440 turns).

olmar the Basher (Coglin Gladiator)                 Turns: 6440, Time: 00:14:02

Health: -6/77      AC: 12    Str: 20    XL:     10   Next: 16%
Magic:  10/10      EV: 11    Int:  7    God:    Gozag
Gold:   617        SH:  0    Dex: 15    Spells: 9/9 levels left

rFire   . . .        y - +1 morningstar (drain) {Kazuki}
rCold   . . .        j - +2 dagger (holy) {Surjit}
rNeg    . . .        k - +2 scale mail {Will+}
rPois   .            w - +0 helmet
rElec   .            D - +0 cloak
rCorr   .            (no gloves)
SInv    .            (no boots)
Will    .....        (amulet unavailable) Stlth
                     (ring unavailable)
HPRegen 0.32/turn    (ring unavailable)
MPRegen 0.12/turn    (no gizmo)

%: no passive effects
@: weak-willed, gold aura, hasted, studying Shields, fire susceptible, revving,
very quick
A: off-hand wielding, slow wielding, warmup strikes, no jewellery
a: Invent Gizmo, Renounce Religion, Potion Petition, Call Merchant, Bribe Branch


You were on level 13 of the Dungeon.
You worshipped Gozag.
Gozag was pleased with you.
You visited 2 branches of the dungeon, and saw 12 of its levels.

You collected 736 gold pieces.
You paid 119 gold pieces to Gozag.

Inventory:

Hand Weapons
 a - a +0 flail {Therese}
 j - a +2 dagger of holy wrath (offhand) {Surjit}
 y - a +1 morningstar of draining (weapon) {Kazuki}
Missiles
 E - 18 poisoned darts (quivered)
 H - a javelin
Armour
 b - a +0 leather armour
 c - a +0 helmet
 k - a +2 scale mail of willpower (worn)
 l - a +0 chain mail
 w - a +0 helmet (worn)
 D - a +0 cloak (worn)
Wands
 d - a wand of flame (3)
Scrolls
 g - a scroll of poison {unknown}
 h - 3 scrolls of teleportation
 n - a scroll of noise
 p - a scroll of fog
 q - 4 scrolls of blinking
 t - a scroll of fear
Potions
 i - 4 potions of curing
 o - 3 potions of enlightenment {unknown}
 r - 2 potions of attraction
 v - a potion of brilliance {unknown}
 x - a potion of magic {unknown}
 A - a potion of cancellation {unknown}
 B - 2 potions of heal wounds {unknown}
 C - 4 potions of haste
 G - a potion of resistance {unknown}


   Skills:
 + Level 6.9 Fighting
 - Level 0.2 Short Blades
 + Level 9.6 Maces & Flails
 - Level 1.7 Throwing
 + Level 5.5 Armour
 + Level 4.7 Dodging
 + Level 2.1 Evocations


You had 9 spell levels left.
You didn't know any spells.
Your spell library contained the following spells:

 Spells                   Type           Power      Damage    Failure   Level
 Call Canine Familiar     Summ           0%         N/A       98%         3
 Dazzling Flash           Conj/Hex       0%         N/A       98%         3
 Mephitic Cloud           Conj/Alch/Air  0%         N/A       98%         3
 Sigil of Binding         Hex            0%         N/A       98%         3
 Dimensional Bullseye     Hex/Tloc       0%         N/A       100%        4
 Vhi's Electric Charge    Tloc/Air       0%         N/A       100%        4
 Arcjolt                  Conj/Air       0%         1d10      100%        5
 Curse of Agony           Necr           0%         N/A       100%        5
 Silence                  Hex/Air        0%         N/A       100%        5
 Maxwell's Capacitive Co  Air            0%         ∞         100%        8


Dungeon Overview and Level Annotations

Branches:
Dungeon (10/15)            Temple (1/1) D:6
   Lair: D:8-11         Orc: D:9-12

Altars:
Ashenzari
Dithmenos
Elyvilon
Fedhas
Gozag
Hepliaklqana
Kikubaaqudgha
Makhleb
Nemelex Xobeh
Okawaru
Qazlal
Ru
Sif Muna
Trog
Uskayaw
Vehumet
Xom
Yredelemnul
The Shining One
Beogh
Ignis


Innate Abilities, Weirdness & Mutations

You can wield a second weapon in your off-hand.
It takes a long time for you to wield or remove held weapons.
Your first few attacks do less damage.
You cannot equip rings or amulets.


Message History

The slime creature quivers.
The centaur shoots an arrow.
The arrow hits you but does no damage.
Two slime creatures merge to form a large slime creature.
An orc warrior comes into view. It is wielding a +0 halberd.
Ignis burns the ground from beneath your feet!
You fall into a shaft and drop 3 floors!
The shaft crumbles and collapses.
Found a club.
Found a chain mail.
You see here a +0 club.
A brown ugly thing and a manticore come into view.
The brown ugly thing gurgles horribly!
The manticore bites you. The manticore claws you. The manticore claws you!
* * * LOW HITPOINT WARNING * * *
Unknown command.
Okay, then.
You hit the manticore but do no damage.
You barely miss the manticore with your +1 morningstar of draining.
You hit the manticore with your +1 morningstar of draining.
The manticore is lightly wounded.
You hit the manticore with your +2 dagger of holy wrath.
The manticore barely misses you. The manticore completely misses you.
The manticore closely misses you.
You barely miss the manticore with your +1 morningstar of draining.
The manticore is lightly wounded.
You hit the manticore but do no damage. The manticore bites you!
* * * LOW HITPOINT WARNING * * *
The manticore claws you.
* * * LOW HITPOINT WARNING * * *
The manticore barely misses you.
You puncture the manticore with your +1 morningstar of draining!
You drain the manticore.
The manticore is heavily wounded.
You hit the manticore but do no damage. You hit the manticore but do no damage.
You drain the manticore.
The manticore is heavily wounded.
You hit the manticore with your +2 dagger of holy wrath.
The manticore bites you!
You die...
Your body crumbles into a pile of gold.

#.#
##.#.#
.^[#.#
#..#.#
#..#.#
#..#u#
#..#H#
#..#@#
#.)..#
#.####
#.#
#.#
#.#
#.#
#.#
#.#


You could see a brown ugly thing and a manticore (drained).

Vanquished Creatures
  A shadow (D:7)
  Edmund (D:6)
  3 ice beasts
  A black bear (D:5)
  9 orc warriors
  2 ogres
  A phantom (D:5)
  3 centaurs
  3 kobold brigands
  2 bullfrogs (D:7)
  5 scorpions
  A howler monkey (D:4)
  2 hounds (D:5)
  A jelly (D:5)
  6 orc priests
  2 bombardier beetles (D:5)
  3 sleepcaps
  2 gnoll boudas
  9 orc wizards
  Ijyb (D:4)
  4 iguanas
  Robin (D:4)
  10 gnolls
  6 adders
  A shadow imp (D:7)
  2 white imps
  38 orcs
  3 endoplasms
  4 giant cockroaches
  20 goblins
  5 hobgoblins
  6 jackals
  4 quokkas
  8 ball pythons
  9 bats
  11 kobolds
  4 rats
  A butterfly (D:6)
195 creatures vanquished.

Vanquished Creatures (others)
  A butterfly (D:6)
  43 foxfires
44 creatures vanquished.

Grand Total: 239 creatures vanquished

Notes
Turn   | Place    | Note
-------+----------+-------------------------------------------
     0 | D:1      | olmar the Coglin Gladiator began the quest for the Orb.
     0 | D:1      | Reached XP level 1. HP: 16/16 MP: 1/1
   120 | D:1      | Reached XP level 2. HP: 22/22 MP: 2/2
   417 | D:1      | Reached skill level 3 in Maces & Flails
   417 | D:1      | Reached XP level 3. HP: 13/27 MP: 3/3
  1153 | D:2      | You fall into a shaft and drop 1 floor!
  1202 | D:3      | Found a faded altar of an unknown god.
  1220 | D:3      | Reached XP level 4. HP: 34/34 MP: 4/4
  1229 | D:3      | Prayed at the altar of an unknown god.
  1229 | D:3      | Became a worshipper of Ignis, the Dying Flame
  1806 | D:3      | Reached skill level 1 in Armour
  2053 | D:4      | Noticed an ogre
  2053 | D:4      | Noticed a kobold brigand
  2063 | D:4      | Killed an ogre
  2064 | D:4      | Reached skill level 4 in Maces & Flails
  2064 | D:4      | Reached XP level 5. HP: 41/41 MP: 5/5
  2069 | D:4      | Killed a kobold brigand
  2070 | D:4      | Reached XP level 6. HP: 34/47 MP: 6/6
  2145 | D:4      | Noticed Ijyb
  2159 | D:4      | Killed Ijyb
  2250 | D:4      | Noticed Robin
  2260 | D:4      | Killed Robin
  2336 | D:4      | Found a burning altar of Makhleb.
  2767 | D:5      | Entered Level 5 of the Dungeon
  2828 | D:5      | Reached skill level 5 in Maces & Flails
  2828 | D:5      | Reached XP level 7. HP: 49/52 MP: 7/7
  3262 | D:5      | Reached skill level 6 in Maces & Flails
  3364 | D:5      | Reached XP level 8. HP: 61/61 MP: 8/8
  3720 | D:5      | Reached skill level 5 in Fighting
  3799 | D:5      | Reached skill level 7 in Maces & Flails
  4220 | D:6      | Noticed Edmund
  4232 | D:6      | Killed Edmund
  4233 | D:6      | Reached skill level 1 in Evocations
  4318 | D:6      | Reached XP level 9. HP: 57/68 MP: 9/9
  4433 | D:6      | Found a staircase to the Ecumenical Temple.
  4447 | Temple   | Entered the Ecumenical Temple
  4479 | Temple   | Fell from the grace of Ignis
  4479 | Temple   | Became a worshipper of Gozag Ym Sagoz the Greedy
  4687 | D:6      | Reached skill level 8 in Maces & Flails
  5807 | D:7      | Found a hide-covered altar of Uskayaw.
  5807 | D:7      | Found a sparkling altar of Nemelex Xobeh.
  5832 | D:7      | Reached skill level 5 in Armour
  6108 | D:7      | You fall into a shaft and drop 2 floors!
  6132 | D:9      | Found a roughly hewn altar of Beogh.
  6137 | D:9      | Reached skill level 9 in Maces & Flails
  6144 | D:9      | Reached XP level 10. HP: 77/77 MP: 10/10
  6189 | D:9      | Noticed a two-headed ogre
  6232 | D:9      | Found a hazy altar of Hepliaklqana.
  6408 | D:8      | You fall into a shaft and drop 2 floors!
  6408 | D:10     | Entered Level 10 of the Dungeon
  6431 | D:10     | Upgraded the game from 0.32-a0-699-g1ee5eff69a to
                  | 0.32-a0-732-ga344392067
  6431 | D:10     | You fall into a shaft and drop 3 floors!
  6434 | D:13     | Noticed a brown ugly thing
  6434 | D:13     | Noticed a manticore
  6438 | D:13     | HP: 3/77 [manticore (5)]
  6440 | D:13     | Mangled by a manticore

Illustrated notes

Levels and vault maps discovered:
D:1:      heliophobic_arrival_henge, layout_rooms, st_stairs_12
D:2:      layout_loops_ring, basic_altar
D:3:      minmay_spotlight, layout_basic,
          shapermc_ecumenical_altar_mp_urbaneastern, serial_glass,
          glass_columns_c, glass_columns_a, glass_columns_b, glass_columns_a,
          minmay_strange_pillars, feat_on_display, item_on_display_a,
          feat_on_display, dk_noncrumbling_3
D:4:      layout_loops_ring, lightli_temple_of_fire, hangedman_decor_riveting,
          minmay_hedge_maze, uniq_robin, uniq_ijyb
D:5:      minmay_general_purpose_star, layout_gridville, minmay_manual_mares
D:6:      layout_gridville, minmay_temple_entry_butterflies, uniq_edmund,
          uniq_sigmund, uniq_duvessa
D:7:      cheibrodos_two_vegetables, layout_basic,
          nicolae_overflow_two_pavilions, cheibriados_altar_1,
          nicolae_figureground_sparkle
D:8:      layout_gridville, marbit_many_paths, david_lair_generic,
          gammafunk_ghost_abyssal_escape, uniq_amaemon, uniq_pikel, uniq_grum,
          uniq_psyche
D:9:      layout_roguey [special_room_orc], lemuel_tele_altar,
          mainiacjoe_overflow_alcove_4, ebering_ghost_disaster_area,
          st_stairs_4, minmay_statue_bubble
D:10:     layout_basic, enter_bailey_2, nicolae_hexahallways,
          dreamdust_princess_corridor, hellmonk_guarded_unrand_cigotuvi
D:13:     nzn_motion_control, layout_basic, serial_shops, nicolae_stop_n_shop_1,
          nicolae_trove_entry_crystal, fedhas_bush_and_centaur_altar
Temple:   regret_index_temple_generic_petals

Skill      XL: |  1  2  3  4  5  6  7  8  9 |
---------------+----------------------------+-----
Dodging        | 3 4 |  4.7
Maces & Flails | 3 4 5 6 7 9 |  9.6
Armour         | 1 2 3 4 5 |  5.5
Fighting       | 3 4 5 6 |  6.9
Evocations     | 1 2 |  2.1
Short Blades   | |  0.2
Throwing       | |  1.7

Action                     |  1- 3 |  4- 6 |  7- 9 | 10-12 || total
---------------------------+-------+-------+-------+-------++-------
  Melee: Flail             |    61 |    95 |    25 |       ||   181
         Dagger            |    62 |    88 |   182 |    54 ||   386
         Morningstar       |       |       |   181 |    64 ||   245
  Throw: Throwing net      |       |     4 |     3 |     1 ||     8
         Dart              |       |       |    52 |     2 ||    54
         Javelin           |       |       |     1 |       ||     1
 Invoke: Fiery Armour      |       |     2 |     4 |       ||     6
         Foxfire Swarm     |       |       |     3 |       ||     3
  Evoke: Wand              |       |       |     9 |       ||     9
    Use: Scroll            |     1 |     5 |     5 |     7 ||    18
         Potion            |       |       |     3 |     1 ||     4
   Stab: Sleeping          |     1 |       |       |       ||     1
         Held in net/web   |       |       |     1 |       ||     1
         Invisible         |       |       |     2 |    10 ||    12
         Distracted        |       |       |     1 |       ||     1
 Armour: Leather armour    |    45 |    52 |    39 |       ||   136
         Scale mail        |       |       |    95 |    67 ||   162
  Dodge: Dodged            |    55 |    50 |   108 |    36 ||   249

Table legend: (Time is in decaauts)
 A = Elapsed time spent in this place.
 B = Non-inter-level travel time spent in this place.
 C = Inter-level travel time spent in this place.
 D = Time resting spent in this place.
 E = Time spent auto-exploring this place.
 F = Levels seen in this place.
 G = Mean time per level.
                   A        B        C        D        E       F      G
               +--------+--------+--------+--------+--------+-----+--------+
         Total |   6470 |   6284 |    186 |   1309 |   3608 |  12 |  539.2 |
       Dungeon |   6406 |   6282 |    124 |   1309 |   3608 |  11 |  582.4 |
        Temple |     63 |      1 |     62 |      0 |      0 |   1 |   63.0 |
               +--------+--------+--------+--------+--------+-----+--------+

Top non-repeatable levels by time:
     D:5: 1331 daAuts
     D:7: 1075 daAuts
     D:6: 887 daAuts
     D:4: 824 daAuts
     D:3: 797 daAuts
     D:1: 776 daAuts
     D:2: 385 daAuts
     D:9: 181 daAuts
     D:8: 119 daAuts
  Temple: 63 daAuts
    D:10: 22 daAuts
    D:13: 6 daAuts
